 Dungeon Crawl Stone Soup version 0.23.0-3-gf3c87f2df8 (webtiles) character file.

Game seed: 7027662411131935525

18012 Kass the Covert (level 12, -5/60 HPs)
             Began as a Spriggan Enchanter on Feb 21, 2019.
             Was an Initiate of Gozag.
             Slain by a white ugly thing (30 damage)
             ... on level 10 of the Dungeon.
             The game lasted 01:01:07 (16458 turns).

Kass the Covert (Spriggan Enchanter)               Turns: 16458, Time: 01:01:10

Health: -5/60      AC:  5    Str:  8    XL:     12   Next: 23%
Magic:  20/22      EV: 30    Int: 17    God:    Gozag
Gold:   2768       SH:  0    Dex: 21    Spells: 2/23 levels left

rFire    . . .     SeeInvis +   N - +2 dagger (flame)
rCold    . . .     Gourm    .   (shield restricted)
rNeg     . . .     Faith    .   g - +0 robe {MR+}
rPois    +         Spirit   .   (helmet restricted)
rElec    .         Reflect  .   r - +2 cloak {MR+}
rCorr    .         Harm     .   (gloves unavailable)
MR       ++++.                  (boots unavailable)
Stlth    ++++++....             K - amulet of the acrobat
HPRegen  0.20/turn              F - +4 ring of dexterity
MPRegen  0.18/turn              L - ring of poison resistance

@: very quick
A: very small, unfitting armour, see invisible, herbivore, speed 3, slow
metabolism 2
a: Potion Petition, Call Merchant, Bribe Branch, Renounce Religion


You were on level 10 of the Dungeon.
You worshipped Gozag.
Gozag was most pleased with you.
You were not hungry.

You visited 2 branches of the dungeon, and saw 13 of its levels.
You also visited: Ossuary.

You collected 2847 gold pieces.
You paid 79 gold pieces to Gozag.

Inventory:

Hand Weapons
 n - a +1 short sword of freezing
 s - a +0 short sword of holy wrath
 J - a +4 short sword
 N - a +2 dagger of flaming (weapon)
Armour
 b - a +0 robe
 g - a +0 robe of magic resistance (worn)
 r - a +2 cloak of magic resistance (worn)
 x - a scarf of spirit shield
Jewellery
 k - an uncursed ring of teleportation
 w - an uncursed ring of flight
 D - a +4 ring of dexterity
 F - a +4 ring of dexterity (left hand)
 K - an amulet of the acrobat (around neck)
 L - a ring of poison resistance (right hand)
Wands
 a - a wand of scattershot (5)
Scrolls
 c - 2 scrolls of fear
 e - a scroll of magic mapping
 i - 4 scrolls of enchant armour
 j - 4 scrolls of teleportation
 m - a scroll of blinking
 p - 5 scrolls of identify
 y - 2 scrolls of fog
 A - 2 scrolls of remove curse
 C - 2 scrolls of enchant weapon
 H - 2 scrolls of silence
 M - a scroll of amnesia
Potions
 f - 2 potions of brilliance
 h - 2 potions of resistance {unknown}
 l - 2 potions of might
 o - 3 potions of lignification
 q - 7 potions of curing
 u - a potion of cancellation {unknown}
 v - 2 potions of flight {unknown}
 z - a potion of magic {unknown}
 B - 3 potions of agility
 E - 4 potions of haste
 G - a potion of invisibility {unknown}
 I - 2 potions of heal wounds
Miscellaneous
 t - a lamp of fire
Comestibles
 d - 15 rations


   Skills:
 + Level 5.8 Fighting
 + Level 8.9 Short Blades
 + Level 12.3 Dodging
 + Level 14.3 Stealth
 - Level 6.0 Spellcasting
 - Level 2.5 Conjurations
 + Level 11.7 Hexes
 - Level 4.8 Translocations
 + Level 2.0 Evocations


You had 2 spell levels left.
You knew the following spells:

 Your Spells              Type           Power        Failure   Level  Hunger
a - Corona                Hex            #####..      1%          1    None
b - Ensorcelled Hibernat  Hex/Ice        ####..       1%          2    None
c - Confuse               Hex            #####...     1%          3    ##.....
d - Blink                 Tloc           N/A          2%          2    None
e - Invisibility          Hex            #####...     16%         6    #######
f - Summon Butterflies    Summ           #.......     13%         1    None
g - Conjure Flame         Conj/Fire      #.......     22%         3    ##.....
h - Mephitic Cloud        Conj/Pois/Air  #.......     26%         3    ##.....

Your spell library contained the following spells:

 Spells                   Type           Power        Failure   Level  Hunger
 Apportation              Tloc           ###...       1%          1    None
 Slow                     Hex            #####...     1%          2    None
 Magic Dart               Conj           ##..         4%          1    None
 Searing Ray              Conj           ##....       7%          2    None
 Animate Skeleton         Necr           N/A          13%         1    None
 Pain                     Necr           #...         13%         1    None
 Call Imp                 Summ           #.......     19%         2    None
 Dazzling Spray           Conj/Hex       ####..       1%          3    ##.....
 Tukima's Dance           Hex            #####...     1%          3    ##.....
 Lesser Beckoning         Tloc           ###.......   5%          3    ##.....
 Fulminant Prism          Conj/Hex       ####......   7%          4    ####...
 Force Lance              Conj/Tloc      ###.....     28%         4    ####...
 Regeneration             Chrm/Necr      #.........   36%         3    ##.....
 Vampiric Draining        Necr           #.........   36%         3    ##.....
 Iskenderun's Mystic Bla  Conj           ##......     41%         4    ####...
 Animate Dead             Necr           N/A          77%         4    ####...
 Alistair's Intoxication  Tmut/Pois      #.......     98%         5    #####..


Dungeon Overview and Level Annotations

Branches:
Dungeon (12/15)            Temple (1/1) D:5            Lair (0/6) D:9
    Orc (0/2) D:10

Altars:
Ashenzari
Cheibriados
Dithmenos
Elyvilon
Fedhas
Gozag
Hepliaklqana
Kikubaaqudgha
Makhleb
Nemelex Xobeh
Okawaru
Qazlal
Ru
Sif Muna
Trog
Uskayaw
Vehumet
Wu Jian
Xom
Yredelemnul
Zin
The Shining One

Shops:
D:5 }   D:10 (


Innate Abilities, Weirdness & Mutations

You are very small and have problems with some larger weapons.
You are too small for most types of armour.
You have supernaturally acute eyesight. (SInv)
You are a herbivore.
You cover ground extremely quickly.
You need to consume almost no food.


Message History

The white ugly thing is lightly wounded.
The white ugly thing completely misses you.
You barely miss the white ugly thing.
The white ugly thing is lightly wounded.
You hit the white ugly thing. You burn the white ugly thing.
The white ugly thing is lightly wounded.
The white ugly thing completely misses you.
You barely miss the white ugly thing.
The white ugly thing is lightly wounded.
You hit the white ugly thing. You burn the white ugly thing.
The white ugly thing is lightly wounded.
The white ugly thing tentacle-slaps you!
The white ugly thing freezes you!
You hit the white ugly thing. You burn the white ugly thing.
The white ugly thing is lightly wounded.
The white ugly thing tentacle-slaps you!
The white ugly thing freezes you!!
Ouch! That really hurt!
You die...
Your body crumbles into a pile of gold.

## #......#.########.##
#......'.# #.....#
#......### #.##### ####.###
#.# ###..#### #.# #.......#
#.# #.......#####'#####
#######.......##...<....#
#.....'....>...u@.......#
.)#####........#........#
###
#.......#.........#########
####'####.####+#...........
#.# ##.## #......####...
#.###...####...####.#.#.
##.##.....# #..[#.#.#.##.
#..##.....####.###.#.#.##
#.###.._..##....#.#.#.#.#


You could see a white ugly thing (confused).

Vanquished Creatures
  A hydra (D:11)
  A two-headed ogre (D:11)
  A tengu warrior (D:8)
  An unseen horror (D:11)
  An ugly thing (D:11)
  A manticore (D:12)
  An orc sorcerer (D:7)
  A gargoyle (D:11)
  A kobold demonologist (D:12)
  A queen bee (D:10)
  5 trolls
  Prince Ribbit (D:7)
  A hornet (D:8)
  4 hippogriffs
  A meliai zombie (D:12)
  Sigmund (D:6)
  A vampire (D:12)
  3 wyverns
  A basilisk (D:9)
  7 yaks (D:11)
  2 wraiths (D:10)
  14 wargs
  A swamp drake (D:9)
  8 orc warriors
  4 black bears
  An eye of draining (D:12)
  2 ice beasts
  3 sky beasts
  5 phantoms
  5 ogres
  4 centaurs
  4 crocodiles
  4 big kobolds
  8 bullfrogs
  A gnoll sergeant (D:6)
  Blork the orc (D:4)
  6 scorpions
  26 killer bees
  4 electric eels (D:11)
  3 crimson imps
  2 centaur zombies
  A quasit (D:12)
  Crazy Yiuf (D:3)
  4 orc wizards
  3 hounds
  4 jellies
  5 mummies (Ossuary)
  5 bullfrog skeletons
  4 iguanas
  Natasha (twice) (D:2)
  7 worker ants
  A hound zombie (Ossuary)
  2 hound skeletons
  A worker ant zombie (Ossuary)
  A howler monkey zombie (D:5)
  A howler monkey skeleton (D:6)
  14 adders
  3 gnolls (D:6)
  2 shadow imps (D:9)
  2 oozes
  An adder zombie (Ossuary)
  2 worms
  3 dart slugs
  6 leopard geckos
  58 orcs
  3 ball pythons
  7 giant cockroaches
  7 goblins
  8 hobgoblins
  4 jackals
  3 quokkas
  8 bats
  4 frilled lizards
  A goblin zombie (D:4)
  A jackal zombie (D:5)
  22 kobolds
  2 leopard gecko zombies (Ossuary)
  7 rats
353 creatures vanquished.

Vanquished Creatures (others)
  A plant (D:7)
  2 withered plants (Ossuary)
3 creatures vanquished.

Grand Total: 356 creatures vanquished

Notes
Turn   | Place    | Note
-------+----------+-------------------------------------------
     0 | D:1      | Kass the Spriggan Enchanter began the quest for the Orb.
     0 | D:1      | Reached XP level 1. HP: 9/9 MP: 5/5
   430 | D:1      | Reached XP level 2. HP: 10/13 MP: 4/6
   434 | D:1      | Learned a level 2 spell: Ensorcelled Hibernation
   515 | D:1      | Reached skill level 5 in Stealth
  1578 | D:1      | Reached XP level 3. HP: 14/16 MP: 6/8
  1603 | D:1      | Learned a level 3 spell: Confuse
  1832 | D:2      | Reached skill level 6 in Stealth
  1953 | D:2      | Noticed Natasha
  1957 | D:2      | Killed Natasha
  1957 | D:2      | Reached skill level 5 in Hexes
  1957 | D:2      | Reached XP level 4. HP: 21/21 MP: 1/9
  2624 | D:2      | Noticed Natasha
  2636 | D:2      | Killed Natasha
  2636 | D:2      | Reached XP level 5. HP: 24/24 MP: 6/10
  2838 | D:3      | Found a snail-covered altar of Cheibriados.
  2841 | D:3      | Reached skill level 7 in Stealth
  3239 | D:3      | Found a runed translucent door.
  3240 | D:3      | Noticed Crazy Yiuf
  3256 | D:3      | Killed Crazy Yiuf
  3686 | D:4      | Reached XP level 6. HP: 28/28 MP: 11/11
  3746 | D:4      | Found a sand-covered staircase.
  3753 | Ossuary  | Entered an ossuary
  3845 | Ossuary  | Reached skill level 8 in Stealth
  3988 | Ossuary  | Reached skill level 5 in Dodging
  4314 | D:4      | Noticed Blork the orc
  4326 | D:4      | Killed Blork the orc
  4326 | D:4      | Reached XP level 7. HP: 28/32 MP: 9/12
  4571 | D:4      | Reached skill level 9 in Stealth
  4957 | D:5      | Entered Level 5 of the Dungeon
  5009 | D:5      | Found Zioteumm's Gadget Shoppe.
  5042 | D:5      | Learned a level 1 spell: Animate Skeleton
  5361 | D:5      | Found a staircase to the Ecumenical Temple.
  5383 | Temple   | Entered the Ecumenical Temple
  5646 | Temple   | Became a worshipper of Gozag Ym Sagoz the Greedy
  6352 | D:6      | Reached XP level 8. HP: 34/36 MP: 1/13
  6501 | D:5      | Learned a level 3 spell: Tukima's Dance
  6524 | D:6      | Reached skill level 10 in Stealth
  6681 | D:6      | Noticed Sigmund
  6686 | D:6      | Killed Sigmund
  7210 | D:7      | Noticed Prince Ribbit
  7215 | D:7      | Killed Prince Ribbit
  7215 | D:7      | Reached skill level 1 in Fighting
  7225 | D:7      | Learned a level 1 spell: Summon Butterflies
  7676 | D:7      | Reached XP level 9. HP: 41/41 MP: 3/14
  7722 | D:6      | Reached skill level 11 in Stealth
  8087 | D:7      | Reached skill level 5 in Short Blades
  8613 | D:7      | Noticed an orc sorcerer
  9415 | D:7      | Killed an orc sorcerer
  9415 | D:7      | Reached XP level 10. HP: 43/49 MP: 13/18
  9457 | D:7      | Reached skill level 12 in Stealth
  9570 | D:7      | Reached skill level 10 in Dodging
  9870 | D:7      | Reached skill level 5 in Spellcasting
  9915 | D:7      | Noticed a centaur warrior
 10415 | D:8      | Reached skill level 10 in Hexes
 11060 | D:8      | Learned a level 2 spell: Blink
 11064 | D:8      | Learned a level 3 spell: Conjure Flame
 11068 | D:8      | Learned a level 3 spell: Mephitic Cloud
 11230 | D:8      | Noticed a tengu warrior
 11232 | D:8      | Killed a tengu warrior
 11232 | D:8      | Reached skill level 1 in Translocations
 11598 | D:9      | Reached skill level 1 in Conjurations
 12040 | D:9      | Found a staircase to the Lair.
 12058 | D:9      | Reached XP level 11. HP: 52/54 MP: 13/20
 12241 | D:10     | Entered Level 10 of the Dungeon
 12258 | D:10     | Found a sacrificial altar of Ru.
 12374 | D:10     | Found a staircase to the Orcish Mines.
 12457 | D:10     | Reached skill level 13 in Stealth
 13079 | D:10     | Found the +5 scythe "Finisher" {speed, eviscerate}
 13273 | D:10     | Found Deohuaro's Weapon Emporium.
 13804 | D:11     | Noticed a white ugly thing
 13811 | D:11     | Killed a white ugly thing
 13893 | D:11     | Noticed a two-headed ogre
 13920 | D:11     | Killed a two-headed ogre
 13920 | D:11     | Reached skill level 5 in Fighting
 14200 | D:11     | Noticed an unseen horror
 14208 | D:11     | Killed an unseen horror
 14621 | D:11     | Noticed a seven-headed hydra
 14627 | D:11     | Killed a seven-headed hydra
 14676 | D:11     | Noticed a white ugly thing
 15269 | D:12     | Found a bloodstained altar of Trog.
 15270 | D:12     | Reached skill level 14 in Stealth
 15349 | D:11     | Reached XP level 12. HP: 54/60 MP: 13/21
 15723 | D:12     | Learned a level 6 spell: Invisibility
 15926 | D:12     | Reached skill level 1 in Evocations
 16458 | D:10     | Slain by a white ugly thing

Skill      XL: |  1  2  3  4  5  6  7  8  9 10 11 12 |
---------------+-------------------------------------+-----
Hexes          | 4 5 6 7 8 9 10 11 | 11.7
Stealth        | 5 6 7 8 9 10 11 12 14 | 14.3
Dodging        | 4 5 7 8 9 10 12 | 12.3
Short Blades   | 2 4 6 7 8 |  8.9
Fighting       | 1 3 4 5 |  5.8
Spellcasting   | 4 5 6 |  6.0
Translocations | 2 4 |  4.8
Conjurations   | 1 2 |  2.5
Evocations     | 2 |  2.0

Action                   |  1- 3 |  4- 6 |  7- 9 | 10-12 || total
-------------------------+-------+-------+-------+-------++-------
Melee: Dagger            |   108 |     7 |       |     6 ||   121
       Short sword       |       |   147 |   179 |   441 ||   767
 Cast: Corona            |    12 |       |       |     2 ||    14
       Ensorcelled Hiber |    13 |    15 |    98 |   144 ||   270
       Confuse           |       |    19 |    15 |    27 ||    61
       Conjure Flame     |       |       |       |     1 ||     1
       Blink             |       |       |       |     1 ||     1
Invok: Potion Petition   |       |       |       |     1 ||     1
 Abil: Evoke Flight      |       |       |       |     1 ||     1
  Use: Scroll            |       |       |       |    20 ||    20
 Stab: Sleeping          |    13 |    32 |    52 |   120 ||   217
       Distracted        |       |     3 |     2 |     1 ||     6
       Confused          |       |     9 |     6 |    16 ||    31
  Eat: Ration            |       |     2 |     6 |     5 ||    13
Armor: Robe              |    10 |     8 |     9 |    10 ||    37
Dodge: Dodged            |    83 |    87 |   205 |   370 ||   745
